 Dungeon Crawl Stone Soup version 0.31-a0-851-g7ff8af7976 (webtiles) character file.

Game seed: 12880694370892750198

231 TheGamechu the Conjurer (level 5, -1/43 (45) HPs)
             Began as a Draconian Reaver on Oct 5, 2023.
             Slain by a wight
             ... wielding a +2 great sword
              (6 damage)
             ... in a sewer.
             The game lasted 00:08:47 (2502 turns).

TheGamechu the Conjurer (Draconian Reaver)          Turns: 2502, Time: 00:08:48

HP:   -1/43 (45)    AC:  5    Str: 14    XL:     5   Next: 73%
MP:   8/9           EV: 12    Int: 14    God:
Gold: 102           SH:  0    Dex: 11    Spells: 6/9 levels left

rFire   . . .        a - +0 falchion
rCold   . . .        (no shield)
rNeg    . . .        (body armour unavailable)
rPois   .            (helmet restricted)
rElec   .            (no cloak)
rCorr   .            (no gloves)
SInv    .            (no boots)
Will    .....        (no amulet)
Stlth   +            (no ring)
HPRegen 0.27/turn    (no ring)
MPRegen 0.11/turn

%: no passive effects
@: weak-willed, lightly drained
A: AC +5, unfitting armour, cold-blooded
a: no special abilities


You were in a sewer.
You visited 1 branch of the dungeon, and saw 3 of its levels.
You also visited: Sewer.

You collected 102 gold pieces.

Inventory:

Hand Weapons
 a - a +0 falchion (weapon)
Scrolls
 c - a scroll of enchant weapon
 d - a scroll of noise
 g - 2 scrolls of vulnerability
 h - a scroll of teleportation
 k - a scroll of amnesia {unknown}
 l - a scroll of poison {unknown}
Potions
 b - 2 potions of curing {unknown}
 i - a potion of attraction {unknown}
 j - 2 potions of brilliance {unknown}


   Skills:
 + Level 3.6 Fighting
 + Level 3.9 Long Blades
 + Level 2.9 Dodging
 + Level 2.9 Spellcasting
 + Level 4.0 Conjurations


You had 6 spell levels left.
You knew the following spells:

 Your Spells              Type           Power      Damage    Failure   Level
a - Kiss of Death         Conj/Necr      28%        2d7       10%         1
b - Jinxbite              Hex            4%         N/A       32%         2

Your spell library contained the following spells:

 Spells                   Type           Power      Damage    Failure   Level
 Momentum Strike          Conj/Tloc      14%        3d8       14%         2
 Apportation              Tloc           4%         N/A       22%         1
 Hailstorm                Conj/Ice       7%         3d4       28%         3
 Alistair's Intoxication  Tmut/Pois      1%         N/A       99%         5


Dungeon Overview and Level Annotations

Branches:
Dungeon (3/15)              Sewer (1/1)

Altars:


Innate Abilities, Weirdness & Mutations

Your plain brown scales are hard. (AC +5)
You cannot fit into any form of body armour.
You are cold-blooded and may be slowed by cold attacks.


Message History

No target in view!
No target in view!
A wight comes into view. It is wielding a +2 great sword.
You see here a +0 short sword.
You throw a poisoned dart. The poisoned dart hits the wight.
You throw a poisoned dart.
The poisoned dart barely misses the wight.
Casting: Jinxbite (dangerous; 32% risk of failure)
Confirm with . or Enter, or press ? or * to list all spells.
You beckon some vexing sprites to accompany your attacks.
You feel your willpower being sapped.
You hit the wight.
The wight is lightly damaged.
The wight barely misses you.
You barely miss the wight.
The wight is lightly damaged.
The wight closely misses you.
You hit the wight but do no damage.
The wight is lightly damaged.
The wight hits you with a +2 great sword.
You barely miss the wight.
The wight is lightly damaged.
The wight hits you with a +2 great sword!
You barely miss the wight.
The wight is lightly damaged.
The wight hits you with a +2 great sword.
You feel drained. The wight closely misses you.
You hit the wight.
The wight is moderately damaged.
A giggling sprite leaps out and makes the wight trip over its own feet.
The wight is moderately damaged.
The jinxing sprites lose interest in you.
The wight closely misses you.
You closely miss the wight.
The wight is moderately damaged.
The wight hits you with a +2 great sword!
* * * LOW HITPOINT WARNING * * *
The wight attacks as it pursues you!
The wight hits you with a +2 great sword.
You die...

#≈~.# #≈~.#
###################≈~.#
#≈≈≈~~≈#~≈~≈≈≈≈~~≈≈≈≈.#
#~≈~~≈.~~~..≈.~~~~~~~.#
#≈~≈.~~#..............#
#≈≈~≈≈≈##.##########~##
#≈≈≈≈≈≈#.).# ≈≈≈≈≈#≈≈~#
#≈≈≈≈≈≈#..@#≈≈≈≈≈≈#≈≈≈#
#≈≈≈≈≈≈~..z#~≈≈≈≈≈#≈≈≈#
#≈≈≈≈≈~#.).≈≈≈≈≈≈≈#≈≈≈#
#≈≈≈≈≈≈#...#≈≈≈≈≈≈#~≈≈#
#≈≈≈≈≈≈~...≈≈≈≈≈≈≈#≈≈≈#
#≈≈≈≈≈≈#...≈≈≈≈≈≈≈#≈≈≈#
#≈≈≈≈≈~#.).#~≈≈≈≈≈
#≈≈≈≈≈≈~..(#≈≈≈≈≈≈
#≈≈≈≈≈≈#..(#~≈≈≈≈≈


You could see a wight (very drained).

Vanquished Creatures
  A necrophage (Sewer)
  Natasha (thrice) (D:2)
  An adder (D:2)
  A shadow imp (Sewer)
  2 ufetubi (Sewer)
  A worm (D:2)
  2 dart slugs (D:1)
  A bat zombie (Sewer)
  An endoplasm (D:2)
  5 giant cockroaches
  A goblin (D:2)
  7 hobgoblins
  18 kobolds
  6 quokkas
  8 ball pythons
  2 bats
  5 frilled lizards
  A kobold zombie (Sewer)
  4 rats
70 creatures vanquished.

Notes
Turn   | Place    | Note
-------+----------+-------------------------------------------
     0 | D:1      | TheGamechu the Draconian Reaver began the quest for the
                  | Orb.
     0 | D:1      | Reached XP level 1. HP: 17/17 MP: 3/3
   310 | D:1      | Reached XP level 2. HP: 21/22 MP: 5/5
  1037 | D:2      | Learned a level 2 spell: Jinxbite
  1085 | D:2      | Reached XP level 3. HP: 30/30 MP: 6/6
  1098 | D:2      | Noticed Natasha
  1107 | D:2      | Killed Natasha
  1118 | D:2      | Noticed Natasha
  1134 | D:2      | Killed Natasha
  1135 | D:2      | Reached XP level 4. HP: 10/35 MP: 5/7
  1249 | D:2      | Noticed Natasha
  1271 | D:2      | Killed Natasha
  1995 | D:3      | Found a glowing drain.
  2017 | D:3      | Reached XP level 5. HP: 28/38 MP: 9/9
  2019 | Sewer    | Entered a sewer
  2390 | Sewer    | Reached skill level 4 in Conjurations
  2502 | Sewer    | Slain by a wight

Illustrated notes

Levels and vault maps discovered:
D:1:      wander_arrival_peaceful_grave, layout_basic
D:2:      layout_loops_cross, uniq_natasha
D:3:      layout_basic, gup_sewer_entry_pipe, bh_walls_and_bars, uniq_terence
Sewer:    kennysheep_sewer_church

Skill      XL: |  1  2  3  4  5 |
---------------+----------------+-----
Dodging        | 2 |  2.9
Fighting       | 3 |  3.6
Conjurations   | 4 |  4.0
Long Blades    | |  3.9
Spellcasting   | |  2.9

Action                     |  1- 3 |  4- 6 || total
---------------------------+-------+-------++-------
  Melee: Falchion          |    91 |   180 ||   271
         Tailslap          |     7 |    20 ||    27
         Punch             |       |     1 ||     1
  Throw: Dart              |       |     2 ||     2
   Cast: Kiss of Death     |     4 |     1 ||     5
         Jinxbite          |       |     3 ||     3
    Use: Scroll            |       |     4 ||     4
 Armour: Skin              |    56 |   151 ||   207
  Dodge: Dodged            |    77 |   154 ||   231

Table legend: (Time is in decaauts)
 A = Elapsed time spent in this place.
 B = Non-inter-level travel time spent in this place.
 C = Inter-level travel time spent in this place.
 D = Time resting spent in this place.
 E = Time spent auto-exploring this place.
 F = Levels seen in this place.
 G = Mean time per level.
                   A        B        C        D        E       F      G
               +--------+--------+--------+--------+--------+-----+--------+
         Total |   2549 |   2523 |     26 |    300 |   1563 |   4 |  637.2 |
       Dungeon |   2054 |   2028 |     26 |     82 |   1486 |   3 |  684.7 |
         Sewer |    495 |    495 |      0 |    218 |     77 |   1 |  495.0 |
               +--------+--------+--------+--------+--------+-----+--------+

Top non-repeatable levels by time:
     D:2: 987 daAuts
     D:1: 938 daAuts
   Sewer: 495 daAuts
     D:3: 127 daAuts
